 Dungeon Crawl Stone Soup version 0.21.1-1-g345015fe64 (webtiles) character file.

109 Jannitor the Sneak (level 4, -6/30 HPs)
             Began as a Demonspawn Enchanter on May 23, 2018.
             Killed by nerve-wracking pain
             ... invoked by Grinder
              (13 damage)
             ... on level 3 of the Dungeon.
             The game lasted 00:03:54 (2925 turns).

Jannitor the Sneak (Demonspawn Enchanter)           Turns: 2925, Time: 00:03:54

Health: -6/30      AC:  4    Str: 10    XL:     4   Next: 60%
Magic:  0/7        EV: 12    Int: 16    God:
Gold:   142        SH:  0    Dex: 13    Spells: 1/7 levels left

rFire    . . .     SeeInvis .   a - +1 dagger
rCold    . . .     Gourm    .   (no shield)
rNeg     . . .     Faith    .   b - +0 robe
rPois    .         Spirit   .   i - +0 helmet
rElec    .         Reflect  .   f - +0 cloak
rCorr    .         Harm     .   (no gloves)
MR       .....                  (no boots)
Stlth    ++........             (no amulet)
HPRegen  0.10/turn              (no ring)
MPRegen  0.10/turn              (no ring)

@: no status effects
A: talons 2
a: no special abilities


You were on level 3 of the Dungeon.
You were very hungry.

You visited 1 branch of the dungeon, and saw 3 of its levels.

You collected 142 gold pieces.

Inventory:

Hand Weapons
 a - a +1 dagger (weapon)
Missiles
 q - 4 poisoned javelins (quivered)
Armour
 b - a +0 robe (worn)
 f - a +0 cloak (worn)
 i - a +0 helmet (worn)
Scrolls
 e - 2 scrolls of teleportation {unknown}
 g - 2 scrolls of random uselessness {unknown}
 l - 2 scrolls of identify {unknown}
 m - a scroll of immolation {unknown}
 n - a scroll of amnesia {unknown}
Books
 c - a book of Maledictions

   Spells                             Type                      Level
   a - Corona                         Hexes                        1
   b - Ensorcelled Hibernation        Hexes/Ice                    2
   c - Confuse                        Hexes                        3
   d - Tukima's Dance                 Hexes                        3
   e - Dazzling Spray                 Conjuration/Hexes            3
Comestibles
 d - 4 rations


   Skills:
 * Level 3.2 Short Blades
 - Level 1.7 Dodging
 + Level 3.6 Stealth
 - Level 2.0 Spellcasting
 + Level 3.3 Hexes


You had one spell level left.
You knew the following spells:

 Your Spells              Type           Power        Failure   Level  Hunger
a - Corona                Hex            ##.....      5%          1    #......
b - Ensorcelled Hibernat  Hex/Ice        #.....       16%         2    ###....
c - Confuse               Hex            ##......     16%         3    ###....


Dungeon Overview and Level Annotations

Branches:
Dungeon (3/15)

Altars:
Ru

Annotations:
D:2 1 runed door
D:3 Grinder; Thargor's ghost, amateur FoFi


Innate Abilities, Weirdness & Mutations

You have razor-sharp toenails.


Message History

Grinder resists with some effort.
Grinder gestures at you. You resist with significant effort.
Unknown command.
You hit Grinder.
Grinder is almost dead.
Grinder misses you.
Your magical contamination has completely faded away.
Casting: Confuse
Confirm with . or Enter, or press ? or * to list all spells.
Aiming: Confuse
Press: ? - help, Shift-Dir - straight line, f/p - Grinder
Aim: Grinder (almost dead, chance to defeat MR: 43%) Grinder resists with some effort.
You are feeling very hungry.
You barely miss Grinder.
Grinder is almost dead.
Grinder gestures at you. Pain shoots through your body!
You die...

#♣♣≈≈≈≈≈≈≈≈≈≈≈≈♣...
♣P♣≈≈≈≈≈≈≈≈≈♣≈...
P≈≈≈≈≈≈≈≈P≈P♣♣... #
#♣≈P≈≈≈≈≈≈P≈≈≈♣#.# #≈
#♣♣♣≈≈≈≈≈≈≈≈≈≈.#.# #≈
#≈≈≈♣≈≈P≈♣≈≈♣P.>..
###≈###### ♣≈≈P≈P≈P≈P≈≈P...#
.≈≈≈≈≈...###♣♣≈≈≈≈≈P≈≈♣≈.#..
..≈≈≈...)(.@5(≈≈≈≈♣≈PP≈#####
........####(♣♣♣P≈P≈♣♣≈## #
.#####..# ###♣♣≈≈≈≈♣♣...###
♣♣.≈ #≈≈≈≈♣# #.... ♣≈P♣
##P≈≈.# ##... ♣.♣♣ ###..###
#... P.♣ ##...###... P≈.
###.##.... ≈.≈ ##....##P


You could see Grinder.

Vanquished Creatures
  Terence (D:2)
  2 adders (D:2)
  2 worms
  4 dart slugs
  2 leopard geckos
  An orc (D:2)
  3 giant cockroaches
  8 goblins
  5 hobgoblins
  A ball python (D:2)
  3 bats
  5 frilled lizards
  8 kobolds
  8 rats
53 creatures vanquished.

Notes
Turn   | Place    | Note
-------+----------+-------------------------------------------
     0 | D:1      | Jannitor the Demonspawn Enchanter began the quest for the Orb.
     0 | D:1      | Reached XP level 1. HP: 13/13 MP: 3/3
    50 | D:1      | Reached skill level 1 in Short Blades
   251 | D:1      | Gained mutation: You have sharp toenails. [demonic ancestry]
   251 | D:1      | Reached XP level 2. HP: 19/19 MP: 5/5
   871 | D:1      | Gained mutation: You have razor-sharp toenails. [demonic ancestry]
   871 | D:1      | Reached XP level 3. HP: 24/24 MP: 6/6
  1350 | D:2      | Learned a level 2 spell: Ensorcelled Hibernation
  1354 | D:2      | Learned a level 3 spell: Confuse
  1663 | D:2      | Found a sacrificial altar of Ru.
  1678 | D:2      | Noticed Terence
  1687 | D:2      | Killed Terence
  1687 | D:2      | Reached XP level 4. HP: 17/30 MP: 2/7
  1992 | D:2      | Found a runed door.
  2250 | D:3      | Noticed Thargor's ghost (amateur FoFi)
  2853 | D:3      | Noticed Grinder
  2869 | D:3      | Paralysed by Grinder for 5 turns
  2925 | D:3      | Killed from afar by Grinder

Skill      XL: |  1  2  3 |
---------------+----------+-----
Short Blades   | 1 2 3 |  3.2
Stealth        | 3 |  3.6
Dodging        | |  1.7
Spellcasting   | |  2.0
Hexes          | |  3.3

Action                   |  1- 3 |  4- 6 || total
-------------------------+-------+-------++-------
Melee: Dagger            |   128 |    77 ||   205
       Kick              |    29 |     8 ||    37
 Cast: Corona            |     2 |       ||     2
       Ensorcelled Hiber |     5 |     1 ||     6
       Confuse           |       |     5 ||     5
  Use: Potion            |       |     5 ||     5
 Stab: Sleeping          |    10 |     2 ||    12
       Invisible         |       |     1 ||     1
  Eat: Chunk             |     2 |     1 ||     3
       Ration            |       |     1 ||     1
Armor: Robe              |    29 |    13 ||    42
       Skin              |       |    21 ||    21
Dodge: Dodged            |    53 |    38 ||    91
